 Dungeon Crawl Stone Soup version 0.24.0-37-gcf1ca852f1 (webtiles) character file.

Game seed: 12509832192976638650, levelgen mode: deterministic

3927 H0rd4k the Thaumaturge (level 10, -3/51 HPs)
             Began as a Deep Elf Wizard on Dec 3, 2019.
             Was an Initiate of Gozag.
             Killed by nerve-wracking pain
             ... invoked by an orc priest
              (9 damage)
             ... on level 7 of the Dungeon.
             The game lasted 00:25:52 (8371 turns).

H0rd4k the Thaumaturge (Deep Elf Wizard)            Turns: 8371, Time: 00:25:52

Health: -3/51      AC:  7    Str:  4    XL:     10   Next: 1%
Magic:  22/29      EV: 14    Int: 27    God:    Gozag
Gold:   358        SH:  0    Dex: 13    Spells: 23/35 levels left

rFire    + . .     SeeInvis +   (no weapon)
rCold    + . .     Gourm    .   (no shield)
rNeg     . . .     Faith    .   t - +2 robe {rC+ rF+}
rPois    .         Spirit   .   b - +0 hat
rElec    .         Reflect  .   B - +2 cloak {MR+}
rCorr    .         Harm     .   (no gloves)
MR       ++...                  (no boots)
Stlth    ++........             g - amulet of magic regeneration
HPRegen  0.17/turn              q - ring of wizardry
MPRegen  0.46/turn              z - ring of see invisible

@: no status effects
A: no striking features
a: Potion Petition, Call Merchant, Bribe Branch, Renounce Religion


You were on level 7 of the Dungeon.
You worshipped Gozag.
Gozag was aware of your devotion.
You were not hungry.

You visited 1 branch of the dungeon, and saw 7 of its levels.

You collected 478 gold pieces.
You paid 120 gold pieces to Gozag.

Inventory:

Hand Weapons
 m - a +1 hunting sling of flaming
Missiles
 l - 51 poisoned darts (quivered)
Armour
 b - a +0 hat (worn)
 t - a +2 robe of resistance (worn)
 B - a +2 cloak of magic resistance (worn)
Jewellery
 g - an amulet of magic regeneration (around neck)
 q - a ring of wizardry (left hand)
 v - an uncursed ring of poison resistance
 z - a ring of see invisible (right hand)
Wands
 j - a wand of disintegration (10)
 n - a wand of iceblast (6)
 p - a wand of paralysis (12)
 y - a wand of random effects (14)
 C - a wand of flame (22)
Scrolls
 a - 2 scrolls of amnesia
 c - 5 scrolls of remove curse
 e - 5 scrolls of teleportation
 f - a scroll of blinking
 h - 2 scrolls of enchant weapon
 u - a scroll of magic mapping
Potions
 i - a potion of magic
 k - a potion of cancellation
 o - a potion of flight
 r - 2 potions of curing
 s - 2 potions of degeneration
 w - a potion of agility {unknown}
 x - a potion of might
 A - a potion of invisibility
Comestibles
 d - 13 rations


   Skills:
 + Level 0.8 Fighting
 + Level 4.6 Dodging
 + Level 4.0 Stealth
 + Level 13.3 Spellcasting
 + Level 8.0 Conjurations
   Level 1.1 Summonings
 + Level 5.5 Translocations
 + Level 2.9 Fire Magic


You had 23 spell levels left.
You knew the following spells:

 Your Spells              Type           Power        Failure   Level  Hunger
a - Magic Dart            Conj           ####         1%          1    None
b - Blink                 Tloc           N/A          1%          2    None
c - Conjure Flame         Conj/Fire      #####...     1%          3    None
d - Mephitic Cloud        Conj/Pois/Air  ####....     1%          3    None
e - Gell's Gravitas       Tloc           #####.....   1%          3    None

Your spell library contained the following spells:

 Spells                   Type           Power        Failure   Level  Hunger
 Confusing Touch          Hex            ###...       1%          1    None
 Call Imp                 Summ           ###.....     1%          2    None
 Slow                     Hex            ###.....     1%          2    None
 Confuse                  Hex            ###.....     4%          3    None
 Petrify                  Tmut/Erth      ###.....     12%         4    None
 Metabolic Englaciation   Hex/Ice        ###.......   32%         5    ##.....
 Yara's Violent Unravell  Hex/Tmut       ###.......   32%         5    ##.....


Dungeon Overview and Level Annotations

Branches:
Dungeon (7/15)             Temple (0/1) D:6

Altars:
Dithmenos
Fedhas
Gozag
Nemelex Xobeh
Ru
Vehumet
Zin

Shops:
D:5 *   D:6 (   D:7 [

Annotations:
D:5 2 runed translucent doors, FishyPogo's ghost, weakling GnMo


Message History

* * * LOW HITPOINT WARNING * * *
Casting: Magic Dart (safe; 1% risk of failure)
Confirm with . or Enter, or press ? or * to list all spells.
Aiming: Magic Dart (safe; 1% risk of failure)
Press: ? - help, Shift-Dir - straight line, f/p - orc priest
Aim: an orc priest, wielding a +0 short sword and wearing a +0 chain mail (almost dead)
The magic dart hits the orc priest but does no damage.
The orc priest is almost dead.
The orc priest closely misses you.
Casting: Magic Dart (safe; 1% risk of failure)
Confirm with . or Enter, or press ? or * to list all spells.
Aiming: Magic Dart (safe; 1% risk of failure)
Press: ? - help, Shift-Dir - straight line, f/p - orc priest
Aim: an orc priest, wielding a +0 short sword and wearing a +0 chain mail (almost dead)
The magic dart hits the orc priest but does no damage.
The orc priest is almost dead.
The orc priest invokes the aid of Beogh against you.
Pain shoots through your body!
You die...
Your body crumbles into a pile of gold.

.............# #.#
#.#.#.... ######......<#
##.# #.._..### ##).....#
##..# ###.#.# # ##...###
##...# #...# #
##..######...## ##### #
#............# #
#............## #
#.####....<...## # #.#
##..@###..## ## ##.##
##.o## ##..## ##. #.<.#
#..## ##..## ##.#
#.#.###.)# ##..# ##.##
###.#.#.#.## ##..# ##.##
##..........## ##..##
#..#
###..#.##'##.#.#####..##
#.##
#.o#...#...#.....#..###
#..###
#.o###.'$..o.##....##
##..##.


You could see an orc priest.

Vanquished Creatures
  Pikel (D:2)
  Grinder (D:3)
  Sigmund (D:3)
  A yak (D:7)
  A human (D:7)
  Grum (D:6)
  3 hogs (D:7)
  Menkaure (D:4)
  An orc warrior (D:7)
  A sky beast (D:7)
  2 phantoms (D:4)
  An ogre (D:5)
  Blork the orc (D:4)
  A gnoll sergeant (D:6)
  5 wights (D:5)
  2 electric eels (D:7)
  A howler monkey (D:5)
  3 crimson imps
  A centaur zombie (D:5)
  10 hounds
  2 bullfrog skeletons (D:4)
  A gnoll shaman (D:6)
  6 orc wizards
  5 iguanas
  6 worker ants
  Ijyb (D:3)
  A hound skeleton (D:4)
  11 gnolls
  10 adders
  2 oozes (D:2)
  An adder zombie (D:7)
  An adder skeleton (D:7)
  4 worms
  A dart slug (D:3)
  2 leopard geckos
  21 orcs
  2 ball pythons
  2 giant cockroaches
  5 goblins
  7 hobgoblins
  8 jackals
  3 quokkas
  4 bats
  3 frilled lizards
  10 kobolds
  A leopard gecko skeleton (D:7)
  A leopard gecko zombie (D:7)
  A quokka skeleton (D:4)
  A quokka zombie (D:6)
  7 rats
169 creatures vanquished.

Notes
Turn   | Place    | Note
-------+----------+-------------------------------------------
     0 | D:1      | H0rd4k the Deep Elf Wizard began the quest for the Orb.
     0 | D:1      | Reached XP level 1. HP: 10/10 MP: 7/7
   279 | D:1      | Reached skill level 5 in Spellcasting
   396 | D:1      | Reached XP level 2. HP: 15/15 MP: 6/10
   876 | D:2      | Reached XP level 3. HP: 19/19 MP: 4/12
   880 | D:2      | Learned a level 2 spell: Blink
   884 | D:2      | Learned a level 3 spell: Conjure Flame
   888 | D:2      | Learned a level 3 spell: Mephitic Cloud
  1095 | D:2      | Reached skill level 6 in Spellcasting
  1480 | D:2      | Found a shadowy altar of Dithmenos.
  1779 | D:1      | Reached XP level 4. HP: 20/24 MP: 4/14
  2441 | D:3      | Learned a level 3 spell: Gell's Gravitas
  2461 | D:3      | Noticed Grinder
  2541 | D:3      | Noticed Ijyb
  2554 | D:3      | Killed Ijyb
  2662 | D:3      | Noticed Sigmund
  2727 | D:4      | Reached XP level 5. HP: 28/28 MP: 5/16
  2975 | D:4      | Noticed Blork the orc
  2987 | D:4      | Killed Blork the orc
  2987 | D:4      | Reached skill level 7 in Spellcasting
  2987 | D:4      | Reached XP level 6. HP: 32/32 MP: 7/18
  3171 | D:4      | Noticed Menkaure
  3185 | D:4      | Killed Menkaure
  3256 | D:4      | Reached skill level 8 in Spellcasting
  3256 | D:4      | Reached skill level 1 in Fire Magic
  3256 | D:4      | Reached XP level 7. HP: 28/36 MP: 7/20
  3491 | D:4      | Reached skill level 5 in Conjurations
  3725 | D:4      | Noticed Pikel
  3820 | D:2      | Killed Pikel
  3820 | D:2      | Reached skill level 9 in Spellcasting
  3820 | D:2      | Reached XP level 8. HP: 33/42 MP: 11/23
  4167 | D:5      | Entered Level 5 of the Dungeon
  4178 | D:5      | Reached skill level 10 in Spellcasting
  4391 | D:5      | Found a large runed translucent door.
  4391 | D:5      | Found a large runed translucent door.
  4392 | D:5      | Noticed FishyPogo's ghost (weakling GnMo)
  4970 | D:5      | Found a glowing silver altar of Zin.
  4974 | D:5      | Found Viqelen's Assorted Antiques.
  5035 | D:5      | Reached skill level 11 in Spellcasting
  5046 | D:5      | Found a blossoming altar of Fedhas.
  5394 | D:6      | Found a staircase to the Ecumenical Temple.
  5638 | D:6      | Reached XP level 9. HP: 46/46 MP: 12/26
  6069 | D:6      | Noticed Grum
  6086 | D:6      | Killed Grum
  6086 | D:6      | Reached skill level 12 in Spellcasting
  6205 | D:6      | Found a radiant altar of Vehumet.
  6240 | D:6      | Found Bythaaly's Weapon Emporium.
  6467 | D:3      | Paralysed by Grinder for 4 turns
  6475 | D:3      | Killed Grinder
  6678 | D:3      | Killed Sigmund
  7144 | D:7      | Found Taemaoqe's Antique Armour Emporium.
  7292 | D:7      | Found an opulent altar of Gozag.
  7442 | D:7      | Reached skill level 5 in Translocations
  7445 | D:7      | Reached skill level 13 in Spellcasting
  7591 | D:7      | Became a worshipper of Gozag Ym Sagoz the Greedy
  7716 | D:7      | Found a sacrificial altar of Ru.
  8001 | D:7      | Found a sparkling altar of Nemelex Xobeh.
  8359 | D:7      | Reached XP level 10. HP: 51/51 MP: 29/29
  8371 | D:7      | Killed from afar by an orc priest

Levels and vault maps discovered:
D:1:      shiori_shiawase, layout_loops_ring
D:2:      layout_basic, nicolae_dithmenos_through_a_glass_darkly, first_ration
D:3:      layout_rooms, minmay_pentomino_pile, uniq_grinder, uniq_ijyb,
          uniq_sigmund
D:4:      layout_loops_corners, minmay_misc_feat_cross, uniq_pikel,
          uniq_blork_the_orc, uniq_menkaure
D:5:      layout_rooms, fedhas_altar_fruit_tree, lemuel_crystal_altar,
          serial_shops, shop, ebering_ghost_disaster_area
D:6:      layout_cave_pools, nicolae_overflow_hidden_temple,
          minmay_temple_entry_stoned_glass, serial_gnoll_camp,
          gnoll_camp_mini_shop, grums_kennel, gnoll_camp_mini_hut,
          gnoll_camp_mini_basic
D:7:      layout_layer_cave, lemuel_round_altar, old_standard_altar,
          lemuel_crystal_altar, serial_shops, nicolae_shop_trees,
          grunt_livestock, st_stairs_1, minmay_crystal_water,
          minmay_misc_feat_doors

Skill      XL: |  1  2  3  4  5  6  7  8  9 |
---------------+----------------------------+-----
Spellcasting   | 5 6 7 8 9 11 13 | 13.3
Conjurations   | 2 3 4 5 6 8 |  8.0
Dodging        | 3 4 |  4.6
Stealth        | 3 4 |  4.0
Fire Magic     | 1 2 |  2.9
Translocations | 2 4 5 |  5.5
Fighting       | |  0.8
Summonings     | |  1.1

Action                   |  1- 3 |  4- 6 |  7- 9 | 10-12 || total
-------------------------+-------+-------+-------+-------++-------
Melee: Unarmed           |     1 |       |       |       ||     1
 Cast: Magic Dart        |   124 |    89 |   325 |    12 ||   550
       Conjure Flame     |     1 |     7 |    39 |       ||    47
       Gell's Gravitas   |       |     4 |    27 |       ||    31
       Blink             |       |       |     5 |       ||     5
       Mephitic Cloud    |       |       |     1 |       ||     1
Evoke: Wand              |       |       |     3 |     1 ||     4
  Use: Scroll            |       |       |    14 |       ||    14
  Eat: Chunk             |     2 |     5 |    10 |       ||    17
       Ration            |       |       |     2 |       ||     2
Armor: Robe              |     3 |     3 |    17 |       ||    23
Dodge: Dodged            |    28 |    12 |    63 |     2 ||   105
